 Dungeon Crawl Stone Soup version 0.31-a0-177-g4aa6249778 (webtiles) character file.

Game seed: 16967534582054529908

65 qw the Chopper (level 4, 0/28 HPs)
             Began as a Gargoyle Fighter on June 18, 2023.
             Slain by a phantom (5 damage)
             ... on level 4 of the Dungeon.
             The game lasted 00:00:35 (985 turns).

qw the Chopper (Gargoyle Fighter)                    Turns: 985, Time: 00:00:35

Health: 0/28       AC: 11    Str: 22    XL:     4   Next: 13%
Magic:  4/4        EV:  9    Int:  8    God:
Gold:   34         SH:  4    Dex:  9    Spells: 3/3 levels left

rFire   . . .        Y - +0 war axe
rCold   . . .        c - +0 buckler
rNeg    + . .        b - +0 scale mail
rPois   inf          (no helmet)
rElec   +            (no cloak)
rCorr   .            (no gloves)
SInv    .            i - +0 pair of boots
Will    .....        (no amulet) Stlth
                     (no ring)
HPRegen 0.24/turn    (no ring)
MPRegen 0.09/turn

%: no passive effects
@: no status effects
A: sickness immunity, AC +3, negative energy resistance 1, electricity
resistance, torment resistance 1, petrification resistance
a: no special abilities


You were on level 4 of the Dungeon.
You visited 1 branch of the dungeon, and saw 3 of its levels.

You collected 34 gold pieces.


Innate Abilities, Weirdness & Mutations

You are immune to sickness and miasma.
Your stone body is resilient. (AC +3)
You are immune to poison.
You resist negative energy. (rN+)
You are resistant to electric shocks. (rElec)
You are resistant to unholy torment.
You are immune to petrification.


   Skills:
 - Level 3.2 Fighting
 + Level 3.9 Axes
 - Level 3.2 Armour
 - Level 3.2 Shields


You had 3 spell levels left.
You didn't know any spells.
Your spell library was empty.

Inventory:

Hand Weapons
 e - a +0 club
 Y - a +0 war axe (weapon)
Armour
 b - a +0 scale mail (worn)
 c - a +0 buckler (worn)
 i - a +0 pair of boots (worn)
Scrolls
 a - a scroll of teleportation {unknown}
Potions
 d - a potion of might
 f - a potion of attraction {unknown}
 g - a potion of heal wounds {unknown}

Dungeon Overview and Level Annotations

Branches:
Dungeon (4/15)
 Temple: D:4-7

Altars:


Message History

You slash the orc wizard!
The orc wizard is almost dead.
You barely miss the orc wizard.
The orc wizard is almost dead.
The orc wizard casts a spell at you.
You are confused.
The orc hits you but does no damage.
The orc wizard hits you with a +3 dagger.
A phantom comes into view.
The orc wizard hits you with a +3 dagger.
The orc barely misses you. The orc wizard barely misses you.
The orc hits you but does no damage. The orc hits you but does no damage.
The orc wizard hits you with a +3 dagger.
An orc priest comes into view. It is wielding a +2 hand axe of venom.
The orc wizard hits you but does no damage.
The orc hits you but does no damage.
You hear the rusting of a drain very nearby.
The orc hits you but does no damage.
The orc priest miscasts a cantrip.
The orc wizard casts a spell at you. You resist with significant effort.
You feel less confused. The orc barely misses you.
The orc wizard hits you but does no damage.
You slash the orc wizard!
You kill the orc wizard!
You hit the orc. The orc barely misses you.
The orc priest miscasts a cantrip.
You have reached level 4!
You feel stronger.
You closely miss the orc.
The orc is moderately wounded.
You hit the phantom but do no damage. The orc hits you with a +0 mace.
The phantom hits you but does no damage.
You hit the orc but do no damage.
The orc is moderately wounded.
You completely miss the phantom. The orc hits you but does no damage.
The phantom hits you.
You die...

#### #... #... #...
####...#################
...'[.W@|..............>
.###..o################.
#... #. #... #. #..o #.
###. #. #. #. .# #. #.


You could see a phantom, an orc priest and an orc.

Vanquished Creatures
  An orc wizard (D:4)
  4 ball pythons
  A bat (D:2)
  7 endoplasms
  A giant cockroach (D:2)
  2 goblins
  A hobgoblin (D:1)
  8 jackals
  2 quokkas (D:1)
  2 frilled lizards
  A kobold (D:1)
  5 rats (D:1)
35 creatures vanquished.

Notes
Turn   | Place    | Note
-------+----------+-------------------------------------------
     0 | D:1      | qw the Gargoyle Fighter began the quest for the Orb.
     0 | D:1      | Reached XP level 1. HP: 14/14 MP: 1/1
     0 | D:1      | 0 ||| qw: Version: 0.3-a-7-ge0c9b40
     0 | D:1      | 0 ||| qw: Game counter: 827
     0 | D:1      | 0 ||| qw: Always use a shield: true
     0 | D:1      | 0 ||| qw: God list: Okawaru
     0 | D:1      | 0 ||| qw: Allow faded altars: false
     0 | D:1      | 0 ||| qw: Do Orc after D:15 true
     0 | D:1      | 0 ||| qw: Do second Lair branch before Depths: true
     0 | D:1      | 0 ||| qw: Lair rune preference: random
     0 | D:1      | 0 ||| qw: Plans: Normal, Zot:1-4, Slime:5, God:TSO, Crypt,
                  | Tomb, Abyss, Pan, Hells, Win
     0 | D:1      | 0 ||| PLANNING D:1-11
    49 | D:1      | 49 ||| Stepping ~*~*~tactically~*~*~ (stealth).
    94 | D:1      | Reached XP level 2. HP: 16/19 MP: 2/2
   261 | D:1      | Reached skill level 3 in Axes
   327 | D:1      | Reached XP level 3. HP: 23/23 MP: 3/3
   574 | D:1      | 574 ||| UPGRADING to +0 pair of boots.
   579 | D:1      | 579 ||| DROPPING ring of flight.
   580 | D:1      | 580 ||| READING scroll labelled JORHIA OXZUXZI.
   581 | D:1      | 581 ||| READING scroll labelled HASIELUNEY.
   582 | D:1      | 582 ||| READING scroll labelled SYSHIF XOJY.
   631 | D:2      | Found a faded altar of an unknown god.
   706 | D:2      | 706 ||| Stepping ~*~*~tactically~*~*~ (stealth).
   789 | D:2      | You fall into a shaft and drop 2 floors!
   800 | D:4      | 800 ||| PLANNING SEWER
   977 | D:4      | Noticed a phantom
   979 | D:4      | HP: 4/23 [orc wizard/+3 dagger (5)]
   984 | D:4      | Reached XP level 4. HP: 6/28 MP: 4/4
   984 | D:4      | HP: 5/28 [orc/+0 mace (2)]
   985 | D:4      | Slain by a phantom

Levels and vault maps discovered:
D:1:      wheals_arrival_linesprint, layout_rooms, minmay_tetromino_o2
D:2:      layout_loops_corners, nicolae_ecumenical_pavilion,
          kennysheep_cross_room, serial_bayou_pond_a
D:4:      layout_basic, pf_just_have_faith, gup_sewer_entry_glass,
          nicolae_shop_clearance, uniq_eustachio, uniq_ijyb

Skill      XL: |  1  2 |
---------------+-------+-----
Axes           | 2 3 |  3.9
Fighting       | |  3.2
Armour         | |  3.2
Shields        | |  3.2

Action                     |  1- 3 |  4- 6 || total
---------------------------+-------+-------++-------
  Melee: War axe           |    89 |     2 ||    91
    Use: Scroll            |     3 |       ||     3
 Armour: Scale mail        |    42 |     2 ||    44
  Dodge: Dodged            |    38 |       ||    38
  Block: Buckler           |    13 |       ||    13

Table legend:
 A = Non-vault XP
 B = Vault XP
 C = Vault XP percentage of total XP
 D = Non-vault monster count
 E = Vault monster count
 F = Vault count percentage of total count
                 A         B        C        D         E       F
            +---------+---------+-------+---------+---------+-------
      Total |      91 |       2 |   2.2 |      33 |       2 |   5.7
            +---------+---------+-------+---------+---------+-------
        D:1 |      37 |       2 |   5.1 |      22 |       2 |   8.3
        D:2 |      11 |       0 |   0.0 |       6 |       0 |   0.0
        D:4 |      43 |       0 |   0.0 |       5 |       0 |   0.0
            +---------+---------+-------+---------+---------+-------
